PIO (24 & UNDER)
JASPER COUGARS @ SURREY SINNERS
09/18/2024
 
TOP OF THE 1ST
Jasper Cougars batting - Pitching for Surrey Sinners : RHP Manuel Franco
Pitching: RHP Manuel Franco
Batting: LHB Armando Torres 0-0: Ball
1-0: Called Strike
1-1: Ball
2-1: Foul Ball, location: 2F
2-2: Fly out, F5 (Popup, 5S)
Batting: LHB António Camacho 0-0: Ball
1-0: Swinging Strike
1-1: Ball
2-1: DOUBLE (Flyball, 7LD)
Batting: SHB Ron Edwards 0-0: Ball
Wild Pitch!
António Camacho to third
1-0: Ball
2-0: Ball
3-0: Called Strike
3-1: Fly out, F7 (Line Drive, 7M)
Runner from 3rd tags up, SCORES, no throw
Batting: RHB Fernando Gálvez 0-0: Called Strike
0-1: Ball
1-1: Ball
2-1: Ball
3-1: Base on Balls
Batting: RHB Bob Cole 0-0: Ball
1-0: Swinging Strike
1-1: Ball
2-1: Fly out, F9 (Flyball, 9D)
Top of the 1st over - 1 run(s), 1 hit(s), 0 error(s), 1 left on base; Jasper 1 - Surrey 0
BOTTOM OF THE 1ST
Surrey Sinners batting - Pitching for Jasper Cougars : LHP Jon Vaughn
Pitching: LHP Jon Vaughn
Batting: RHB Félix Castro 0-0: Ball
1-0: Ball
2-0: Reached on error, E6 (Groundball, 6)
Batting: RHB Daniel Santiago 0-0: Ball
1-0: Foul Ball, location: 2F
1-1: Called Strike
1-2: Strikes out swinging
Batting: RHB Víctor Arredondo 0-0: Called Strike
0-1: Swinging Strike
0-2: Ball
1-2: Ball
2-2: Ball
3-2: Foul Ball, location: 2F
3-2: Foul Ball, location: 2F
3-2: Foul Ball, location: 2F
3-2: Base on Balls
Félix Castro to second
Batting: RHB Luis Martínez 0-0: Swinging Strike
0-1: Called Strike
0-2: Strikes out looking
Batting: RHB Eugene Booth 0-0: Foul Ball, location: 2F
0-1: Ball
1-1: Called Strike
1-2: Fly out, F7 (Flyball, 7S)
Bottom of the 1st over - 0 run(s), 0 hit(s), 1 error(s), 2 left on base; Jasper 1 - Surrey 0
TOP OF THE 2ND
Jasper Cougars batting - Pitching for Surrey Sinners : RHP Manuel Franco
Batting: LHB Kyle Harrison 0-0: Swinging Strike
0-1: Called Strike
0-2: Ball
1-2: Ball
2-2: Strikes out swinging
Batting: RHB Joe Smith 0-0: Ball
1-0: Ball
2-0: Ball
3-0: Base on Balls
Batting: SHB Martín Cruz 0-0: Ball
1-0: Swinging Strike
1-1: Swinging Strike
1-2: Ball
Joe Smith steals 2nd base
2-2: Ball
3-2: Base on Balls
Batting: RHB Joe Baker 0-0: Ground out 1-3 (Groundball, 2L)
Joe Smith to third
Martín Cruz to second
Batting: LHB Armando Torres 0-0: Ball
1-0: Foul Ball, location: 2F
1-1: Foul Ball, location: 2F
1-2: Strikes out swinging
Top of the 2nd over - 0 run(s), 0 hit(s), 0 error(s), 2 left on base; Jasper 1 - Surrey 0
BOTTOM OF THE 2ND
Surrey Sinners batting - Pitching for Jasper Cougars : LHP Jon Vaughn
Batting: RHB Jesús Lara 0-0: Swinging Strike
0-1: Ball
1-1: SINGLE (Groundball, 5L)
Batting: LHB Brian Ford 0-0: Ball
1-0: Called Strike
1-1: SINGLE (Groundball, 3S)
Jesús Lara to second
Runner from 2nd tries for 3rd, SAFE, no throw or cutoff
Batting: RHB Carlos Rodríguez 0-0: Ball
Brian Ford is caught stealing 2nd base
1-0: Ball
2-0: Called Strike
2-1: Fly out, F8 (Flyball, 8LM)
Runner from 3rd tags up, SCORES, no throw
Batting: RHB Sixto Banda 0-0: Ball
1-0: Foul Ball, location: 2F
1-1: Ball
2-1: DOUBLE (Line Drive, 8LD)
Batting: RHB Félix Castro 0-0: Fly out, F7 (Flyball, 78M)
Bottom of the 2nd over - 1 run(s), 3 hit(s), 0 error(s), 1 left on base; Jasper 1 - Surrey 1
TOP OF THE 3RD
Jasper Cougars batting - Pitching for Surrey Sinners : RHP Manuel Franco
Batting: LHB António Camacho 0-0: Called Strike
0-1: Swinging Strike
0-2: Foul Ball, location: 2F
0-2: SINGLE (Flyball, 7LM)
Batting: SHB Ron Edwards 0-0: Ball
António Camacho steals 2nd base
1-0: Ball
2-0: Called Strike
2-1: Ball
3-1: Base on Balls
Batting: RHB Fernando Gálvez 0-0: Ball
1-0: Ball
2-0: Ball
3-0: Called Strike
3-1: Base on Balls
António Camacho to third
Ron Edwards to second
Batting: RHB Bob Cole 0-0: Ball
1-0: Swinging Strike
1-1: Ball
2-1: Ball
3-1: Foul Ball, location: 2F
3-2: Foul Ball, location: 2F
3-2: Foul Ball, location: 2F
3-2: Foul Ball, location: 2F
3-2: Strikes out swinging
Batting: LHB Kyle Harrison 0-0: Swinging Strike
0-1: Ball
1-1: Foul Ball, location: 2F
1-2: Foul Ball, location: 2F
1-2: Strikes out swinging
Batting: RHB Joe Smith 0-0: Called Strike
0-1: Called Strike
0-2: Ball
1-2: Ball
2-2: Ground out 6-3 (Groundball, 6)
Top of the 3rd over - 0 run(s), 1 hit(s), 0 error(s), 3 left on base; Jasper 1 - Surrey 1
BOTTOM OF THE 3RD
Surrey Sinners batting - Pitching for Jasper Cougars : LHP Jon Vaughn
Batting: RHB Daniel Santiago 0-0: Reached on error, E5 (Groundball, 5)
Batting: RHB Víctor Arredondo 0-0: Swinging Strike
0-1: Foul Ball, location: 2F
0-2: Foul Ball, location: 2F
0-2: Ball
1-2: Foul Ball, location: 2F
1-2: Ball
2-2: Foul Ball, location: 2F
2-2: SINGLE (Line Drive, 56D)
Daniel Santiago to second
Batting: RHB Luis Martínez 0-0: Fly out, F3 (Popup, 3SF)
Batting: RHB Eugene Booth 0-0: Ball
Daniel Santiago steals 3rd base
Víctor Arredondo to second
1-0: Foul Ball, location: 2F
1-1: Fly out, F8 (Flyball, 78M)
Runner from 3rd tags up, SCORES, no throw
Batting: RHB Jesús Lara 0-0: Ball
1-0: Ball
2-0: Foul Ball, location: 2F
2-1: Fly out, F5 (Line Drive, 5S)
Bottom of the 3rd over - 1 run(s), 1 hit(s), 1 error(s), 1 left on base; Jasper 1 - Surrey 2
TOP OF THE 4TH
Jasper Cougars batting - Pitching for Surrey Sinners : RHP Manuel Franco
Batting: SHB Martín Cruz 0-0: Foul Ball, location: 2F
0-1: Ball
1-1: Ball
2-1: Called Strike
2-2: Ball
3-2: Ground out 4-3 (Groundball, 4)
Batting: RHB Joe Baker 0-0: Foul Ball, location: 2F
0-1: Ball
1-1: Ball
2-1: Foul Ball, location: 2F
2-2: Reached on error, E2 (Groundball, 2L)
Pitching: LHP Phil Paul
Batting: LHB Armando Torres 0-0: Foul Ball, location: 2F
0-1: SINGLE (Line Drive, 7LS)
Joe Baker to second
Batting: LHB António Camacho 0-0: Called Strike
0-1: Reached on error, E6 (Groundball, 6)
Joe Baker to third
Armando Torres to second
Batting: SHB Ron Edwards 0-0: Called Strike
0-1: Foul Ball, location: 2F
0-2: Foul Ball, location: 2F
0-2: Fly out, F7 (Flyball, 78D)
Runner from 3rd tags up, SCORES, no throw
Batting: RHB Fernando Gálvez 0-0: Called Strike
0-1: Called Strike
0-2: Fly out, F7 (Line Drive, 7M)
Top of the 4th over - 1 run(s), 1 hit(s), 2 error(s), 2 left on base; Jasper 2 - Surrey 2
BOTTOM OF THE 4TH
Surrey Sinners batting - Pitching for Jasper Cougars : LHP Jon Vaughn
Batting: LHB Brian Ford 0-0: Fly out, F7 (Flyball, 7M)
Batting: RHB Carlos Rodríguez 0-0: Foul Ball, location: 2F
0-1: Swinging Strike
0-2: Fly out, F7 (Flyball, 78S)
Batting: RHB Sixto Banda 0-0: Called Strike
0-1: Ball
1-1: Foul Ball, location: 2F
1-2: Ball
2-2: Strikes out looking
Bottom of the 4th over - 0 run(s), 0 hit(s), 0 error(s), 0 left on base; Jasper 2 - Surrey 2
TOP OF THE 5TH
Jasper Cougars batting - Pitching for Surrey Sinners : LHP Phil Paul
Batting: RHB Bob Cole 0-0: Ball
1-0: Called Strike
1-1: Ground out 5-3 (Groundball, 56)
Batting: LHB Kyle Harrison 0-0: Called Strike
0-1: Ball
1-1: Fly out, F9 (Flyball, 9M)
Batting: RHB Joe Smith 0-0: Fly out, F7 (Line Drive, 7LM)
Top of the 5th over - 0 run(s), 0 hit(s), 0 error(s), 0 left on base; Jasper 2 - Surrey 2
BOTTOM OF THE 5TH
Surrey Sinners batting - Pitching for Jasper Cougars : LHP Jon Vaughn
Batting: RHB Félix Castro 0-0: Swinging Strike
0-1: Ball
1-1: Swinging Strike
1-2: Ball
2-2: Foul Ball, location: 2F
2-2: Foul Ball, location: 2F
2-2: Strikes out swinging
Batting: RHB Daniel Santiago 0-0: Ball
1-0: Called Strike
1-1: Fly out, F9 (Line Drive, 9LM)
Batting: RHB Víctor Arredondo 0-0: Ball
1-0: Ball
2-0: Ball
3-0: Called Strike
3-1: Swinging Strike
3-2: Strikes out looking
Bottom of the 5th over - 0 run(s), 0 hit(s), 0 error(s), 0 left on base; Jasper 2 - Surrey 2
TOP OF THE 6TH
Jasper Cougars batting - Pitching for Surrey Sinners : LHP Phil Paul
Batting: SHB Martín Cruz 0-0: Swinging Strike
0-1: Foul Ball, location: 2F
0-2: Foul Ball, location: 2F
0-2: Ball
1-2: Fly out, F3 (Popup, 3S)
Batting: RHB Joe Baker 0-0: Ball
1-0: Called Strike
1-1: Ground out 6-3 (Groundball, 6S)
Batting: LHB Armando Torres 0-0: SINGLE (Line Drive, 56D)
Batting: LHB António Camacho 0-0: Foul Ball, location: 2F
0-1: SINGLE (Line Drive, 4M)
Armando Torres to second
Batting: SHB Ron Edwards 0-0: Ball
1-0: Foul Ball, location: 2F
1-1: Foul Ball, location: 2F
1-2: Ball
2-2: Ground out 5-3 (Groundball, 56S)
Top of the 6th over - 0 run(s), 2 hit(s), 0 error(s), 2 left on base; Jasper 2 - Surrey 2
BOTTOM OF THE 6TH
Surrey Sinners batting - Pitching for Jasper Cougars : LHP Jon Vaughn
Batting: RHB Luis Martínez 0-0: Foul Ball, location: 2F
0-1: Foul Ball, location: 2F
0-2: Ball
1-2: Strikes out swinging
Batting: RHB Eugene Booth 0-0: Swinging Strike
0-1: Foul Ball, location: 2F
0-2: Strikes out swinging
Batting: RHB Jesús Lara 0-0: Called Strike
0-1: Foul Ball, location: 2F
0-2: Strikes out swinging
Bottom of the 6th over - 0 run(s), 0 hit(s), 0 error(s), 0 left on base; Jasper 2 - Surrey 2
TOP OF THE 7TH
Jasper Cougars batting - Pitching for Surrey Sinners : LHP Phil Paul
Pitching: RHP Bob Martin
Batting: RHB Fernando Gálvez 0-0: Ball
1-0: Called Strike
1-1: Swinging Strike
1-2: SINGLE (Groundball, 56D)
Pinch Hitting: RHB Manuel Pérez 0-0: Ball
1-0: Swinging Strike
1-1: Ball
2-1: Fly out, F9 (Popup, 3D)
Pitching: LHP Cliff Williams
Batting: LHB Kyle Harrison 0-0: Called Strike
0-1: Swinging Strike
0-2: Ball
1-2: Foul Ball, location: 2F
1-2: Strikes out swinging
Pitching: RHP Sergio Romo
Pinch Hitting: RHB Dan Hooper 0-0: SINGLE (Groundball, 56D)
Fernando Gálvez to second
Pinch Hitting: LHB Jon Scott 0-0: Foul Ball, location: 2F
0-1: Ball
1-1: Called Strike
1-2: Ball
2-2: Ball
3-2: Strikes out swinging
Top of the 7th over - 0 run(s), 2 hit(s), 0 error(s), 2 left on base; Jasper 2 - Surrey 2
BOTTOM OF THE 7TH
Surrey Sinners batting - Pitching for Jasper Cougars : LHP Jon Vaughn
Pitching: LHP Javier Galeas
Now at 2B: Earl Godwin
Now at 3B: José Ortega
Now in LF: Dan Hooper
Pinch Hitting: LHB Benny Richard 0-0: Ball
1-0: Ball
2-0: Foul Ball, location: 2F
2-1: Swinging Strike
2-2: Foul Ball, location: 2F
2-2: DOUBLE (Flyball, 8LXD)
Pinch Hitting: RHB Ben Alexander 0-0: Intentional Walk
Batting: RHB Sixto Banda 0-0: Ball
1-0: Ball
2-0: Swinging Strike
2-1: Ball
3-1: Base on Balls
Benny Richard to third
Ben Alexander to second
Pinch Hitting: RHB Miguel Palácios 0-0: Foul Ball, location: 2F
0-1: Called Strike
0-2: Ball
1-2: Grounds into fielders choice 4-2 (Groundball, 4)
Ben Alexander to third
Sixto Banda to second
Batting: RHB Daniel Santiago 0-0: Ball
1-0: Called Strike
1-1: Foul Ball, location: 2F
1-2: Ball
2-2: Ground out 5-3 (Groundball, 5S)
Ben Alexander scores
Sixto Banda to third
Miguel Palácios to second
Batting: RHB Víctor Arredondo 0-0: Called Strike
0-1: Ball
1-1: Ball
2-1: DOUBLE (Line Drive, 8LD)
Sixto Banda scores
Miguel Palácios scores
Pitching: RHP Andrés Ruíz
Batting: RHB Luis Martínez 0-0: Called Strike
0-1: Swinging Strike
0-2: Ball
1-2: Foul Ball, location: 2F
1-2: Ball
2-2: SINGLE (Groundball, 56) (infield hit)
Víctor Arredondo to third
Batting: RHB Eugene Booth 0-0: Called Strike
Luis Martínez steals 2nd base
0-1: Foul Ball, location: 2F
0-2: Ball
1-2: Strikes out swinging
Bottom of the 7th over - 3 run(s), 3 hit(s), 0 error(s), 2 left on base; Jasper 2 - Surrey 5
TOP OF THE 8TH
Jasper Cougars batting - Pitching for Surrey Sinners : RHP Sergio Romo
Now at 2B: Lawrence Steward
Now at 3B: Brett Murphy
Now at SS: Miguel Palácios
Batting: RHB Joe Baker 0-0: Ball
1-0: Foul Ball, location: 2F
1-1: Swinging Strike
1-2: Strikes out swinging
Batting: LHB Armando Torres 0-0: Fly out, F5 (Popup, 5F)
Batting: LHB António Camacho 0-0: Ball
1-0: Called Strike
1-1: Ball
2-1: Swinging Strike
2-2: Strikes out swinging
Top of the 8th over - 0 run(s), 0 hit(s), 0 error(s), 0 left on base; Jasper 2 - Surrey 5
BOTTOM OF THE 8TH
Surrey Sinners batting - Pitching for Jasper Cougars : RHP Andrés Ruíz
Batting: RHB Jesús Lara 0-0: Ball
1-0: Ball
2-0: Called Strike
2-1: Called Strike
2-2: Strikes out looking
Batting: RHB Brett Murphy 0-0: Ball
1-0: Fly out, F7 (Line Drive, 7M)
Batting: SHB Lawrence Steward 0-0: Swinging Strike
0-1: Called Strike
0-2: Strikes out looking
Bottom of the 8th over - 0 run(s), 0 hit(s), 0 error(s), 0 left on base; Jasper 2 - Surrey 5
TOP OF THE 9TH
Jasper Cougars batting - Pitching for Surrey Sinners : RHP Sergio Romo
Pitching: RHP Bill Chase
Batting: SHB Ron Edwards 0-0: Called Strike
0-1: Ball
1-1: Called Strike
1-2: Foul Ball, location: 2F
1-2: SINGLE (Flyball, 7S)
Batting: RHB Fernando Gálvez 0-0: Ball
1-0: Ball
2-0: Ball
3-0: Base on Balls
Ron Edwards to second
Batting: RHB José Ortega 0-0: Foul Ball, location: 2F
0-1: Ball
1-1: Ball
2-1: Fly out, F9 (Flyball, 9LM)
Batting: LHB Kyle Harrison 0-0: Ball
1-0: Swinging Strike
1-1: Ground out 5-3 (Groundball, 6S)
Ron Edwards to third
Fernando Gálvez to second
Batting: RHB Dan Hooper 0-0: Called Strike
0-1: Fly out, F7 (Flyball, 7LS)
Top of the 9th over - 0 run(s), 1 hit(s), 0 error(s), 2 left on base; Jasper 2 - Surrey 5
This league is powered by Out of the Park Baseball, the baseball management simulation game for PC, Mac and Linux
Saturday, April 9th, 2016 - OOTP Baseball 16.8 Build 38